 Dungeon Crawl Stone Soup version 0.32-a0-135-g14f8b2e1af (webtiles) character file.

Game seed: 1395578652312692979

12371 Kenran the Marksspriggan (level 11, -1/50 HPs)
             Began as a Spriggan Hunter on Feb 10, 2024.
             Was a High Priest of Okawaru.
             Succumbed to a black mamba's poison
             ... on level 1 of the Lair of Beasts.
             The game lasted 00:24:28 (12909 turns).

Kenran the Marksspriggan (Spriggan Hunter)         Turns: 12909, Time: 00:24:28

Health: -1/50      AC:  9    Str: 10    XL:     11   Next: 61%
Magic:  12/14      EV: 35    Int: 10    God:    Okawaru [*****.]
Gold:   1474       SH:  0    Dex: 24    Spells: 10/10 levels left

rFire   . . .        a - +1 shortbow
rCold   . . .        (shield currently unavailable)
rNeg    . . .        j - +2 robe {Will+}
rPois   .            z - +5 hat of Esuoc {Str+3}
rElec   .            (no cloak)
rCorr   .            (gloves unavailable)
SInv    +            (boots unavailable)
Will    ++...        t - amulet of faith {!P}
Stlth   +++++        (no ring)
HPRegen 0.28/turn    (no ring)
MPRegen 0.14/turn

%: faith
@: lethally poisoned (-1 -> -26), heroic, very quick
A: very small, no large weapons, unfitting armour, see invisible, speed 3
a: Renounce Religion, Heroism, Finesse, Duel


You were on level 1 of the Lair of Beasts.
You worshipped Okawaru.
Okawaru was extremely pleased with you.
You visited 3 branches of the dungeon, and saw 12 of its levels.
You also visited: Sewer.

You collected 1474 gold pieces.

Inventory:

Hand Weapons
 a - a +1 shortbow (weapon)
Armour
 j - a +2 robe of willpower (worn)
 z - the +5 hat of Esuoc (worn) {Str+3}
   (You acquired it on level 10 of the Dungeon)

   Str+3:     It affects your strength (+3).
Jewellery
 t - an amulet of faith (around neck) {!P}
Wands
 p - a wand of quicksilver (9)
 r - a wand of flame (33)
Scrolls
 b - a scroll of fear {unknown}
 d - 3 scrolls of enchant weapon
 g - 2 scrolls of enchant armour
 l - 4 scrolls of teleportation
 m - a scroll of poison {unknown}
 q - a scroll of fog
 u - a scroll of immolation {unknown}
 v - 2 scrolls of brand weapon {unknown}
Potions
 c - a potion of invisibility {unknown}
 e - 3 potions of heal wounds {@q2}
 f - 2 potions of enlightenment {unknown}
 h - a potion of might {unknown}
 i - 2 potions of attraction {unknown}
 k - 2 potions of berserk rage {!q}
 n - a potion of mutation {!q}
 o - 3 potions of magic
 s - 5 potions of brilliance
 w - 3 potions of lignification {unknown}
 x - 3 potions of ambrosia {unknown}
 A - 2 potions of degeneration {unknown}
 B - a potion of curing {unknown}
Miscellaneous
 y - a phial of floods


   Skills:
 - Level 2.0(7.0) Fighting
 + Level 15.9(20.9) Ranged Weapons
 + Level 11.5(16.5) Dodging
 - Level 5.0(10.0) Stealth
 - Level 3.0 Invocations
 - Level 4.0 Evocations


You had 10 spell levels left.
You didn't know any spells.
Your spell library contained the following spells:

 Spells                   Type           Power      Damage    Failure   Level
 Freeze                   Ice            0%         1d3       36%         1
 Necrotise                Necr           0%         1d4       36%         1
 Frozen Ramparts          Ice            0%         1d1       75%         3
 Hailstorm                Conj/Ice       0%         3d5       75%         3
 Inner Flame              Hex/Fire       0%         N/A       75%         3
 Vampiric Draining        Necr           0%         2d6       75%         3
 Flame Wave               Conj/Fire      0%         2d4       98%         4
 Sticky Flame             Fire/Alch      0%         2d4       98%         4
 Curse of Agony           Necr           0%         N/A       100%        5
 Martyr's Knell           Necr/Summ      Unusable   N/A       N/A         4

Dungeon Overview and Level Annotations

Branches:
Dungeon (10/15)            Temple (1/1) D:4            Lair (1/5) D:8
  Sewer (visited)
    Orc: D:9-12

Altars:
Ashenzari
Cheibriados
Dithmenos
Elyvilon
Fedhas
Gozag
Hepliaklqana
Kikubaaqudgha
Makhleb
Nemelex Xobeh
Okawaru
Qazlal
Ru
Sif Muna
Trog
Uskayaw
Vehumet
Wu Jian
Xom
Yredelemnul
Zin
The Shining One
Jiyva

Shops:
D:1 [   D:4 ?   D:8 *

Annotations:
D:2 exclusion: downstairs
D:8 3 runed translucent doors, Nattfarinn's ghost, novice NaSh
D:10 Erolcha; Fannar


Innate Abilities, Weirdness & Mutations

You are very small and have problems with some larger weapons.
You are too small for most types of armour.
You have supernaturally acute eyesight. (SInv)
You cover ground extremely quickly. (Speed+++)


Message History

Fire: a) +1 shortbow
Press: ? - help, Q - select action, (/) - cycle Shift-Dir - straight line, f/p - yak
Aim: a yak (severely wounded, 80% to hit)
You shoot an arrow. The arrow closely misses the yak.
Fire: a) +1 shortbow
Press: ? - help, Q - select action, (/) - cycle Shift-Dir - straight line, f/p - yak
Aim: a yak (severely wounded, 80% to hit)
You shoot an arrow. The arrow hits the yak!
The yak is almost dead.
Fire: a) +1 shortbow
Press: ? - help, Q - select action, (/) - cycle Shift-Dir - straight line, f/p - yak
Aim: a yak (almost dead, 80% to hit)
You shoot an arrow. The arrow hits the yak.
The yak is almost dead.
A black mamba comes into view.
You hear the quick rumble of an avalanche of rocks very nearby.
The black mamba hisses angrily.
Fire: a) +1 shortbow
Press: ? - help, Q - select action, (/) - cycle Shift-Dir - straight line, f/p - yak
Aim: a yak (almost dead, 80% to hit)
You shoot an arrow.
The arrow hits the yak but does no damage.
The yak is almost dead.
Fire: a) +1 shortbow
Press: ? - help, Q - select action, (/) - cycle Shift-Dir - straight line, f/p - yak
Aim: a yak (almost dead, 80% to hit)
You shoot an arrow. The arrow hits the yak.
You kill the yak!
Okawaru accepts your kill.
You gain the combat prowess of a mighty hero.
The black mamba bites you!
* * * LOW HITPOINT WARNING * * *
You are lethally poisoned!
The black mamba poisons you!
Fire: a) +1 shortbow
Press: ? - help, Q - select action, (/) - cycle Shift-Dir - straight line, f - black mamba
Aim: a black mamba (64% to hit)
You shoot an arrow. The arrow hits the black mamba!
The black mamba is moderately wounded.
You die...

##. #.......#
....##.......#
....#........##
#............#
#...........#
#...........#
#..[P..S....#
#...P.@.....#
##...........#
##.^..........#
#.......†.....##
##..............#
#..............##
#..............#
#....../.......#
##.............#


You could see a black mamba.

Vanquished Creatures
  2 two-headed ogres (D:9)
  A black mamba (D:8)
  A cane toad (Lair:1)
  Maggie (D:7)
  An unseen horror (D:10)
  3 komodo dragons
  Jeremiah (D:9)
  A troll (D:10)
  Prince Ribbit (D:5)
  Grinder (D:3)
  20 yaks
  A vampire (D:10)
  2 steam dragons
  A wyvern (D:9)
  5 vampire mosquitoes
  2 acid dragons
  6 water moccasins
  2 orc warriors
  4 black bears
  3 ogres
  5 centaurs
  A phantom (D:6)
  2 kobold brigands
  Blork the orc (D:6)
  2 bullfrogs (D:8)
  2 scorpions
  3 wights (D:10)
  13 killer bees
  A howler monkey (D:7)
  2 quasits (D:4)
  2 hounds
  2 jellies
  5 orc priests
  A gnoll bouda (D:7)
  2 sleepcaps
  8 orc wizards
  3 iguanas
  8 gnolls
  6 adders
  A shadow imp (D:5)
  8 white imps
  8 ufetubi
  3 dart slugs
  2 ribbon worms
  42 orcs
  10 ball pythons
  4 bats
  11 endoplasms
  6 giant cockroaches
  10 goblins
  7 hobgoblins
  6 jackals
  21 kobolds
  3 quokkas
  A frilled lizard (D:1)
  8 rats
279 creatures vanquished.

Vanquished Creatures (others)
  A bullfrog (Lair:1)
1 creature vanquished.

Grand Total: 280 creatures vanquished

Notes
Turn   | Place    | Note
-------+----------+-------------------------------------------
     0 | D:1      | Kenran the Spriggan Hunter began the quest for the Orb.
     0 | D:1      | Reached XP level 1. HP: 10/10 MP: 2/2
   390 | D:1      | Reached XP level 2. HP: 14/14 MP: 3/3
   611 | D:1      | Found Yloina Yzxoe's Antique Armour Shoppe.
   950 | D:1      | Reached skill level 5 in Ranged Weapons
   950 | D:1      | Reached XP level 3. HP: 18/18 MP: 4/4
  1157 | D:2      | Reached XP level 4. HP: 12/22 MP: 5/5
  1424 | D:2      | Reached skill level 6 in Ranged Weapons
  1824 | D:3      | Noticed Grinder
  1925 | D:3      | Reached XP level 5. HP: 19/25 MP: 6/6
  1990 | D:3      | Found a glowing drain.
  1995 | Sewer    | Entered a sewer
  2362 | D:3      | Paralysed by Grinder for 3 turns
  2394 | D:3      | Paralysed by Grinder for 5 turns
  2403 | D:3      | Killed Grinder
  2404 | D:3      | Reached skill level 7 in Ranged Weapons
  2404 | D:3      | Reached XP level 6. HP: 12/30 MP: 7/7
  2797 | D:4      | Found a staircase to the Ecumenical Temple.
  2812 | Temple   | Entered the Ecumenical Temple
  2881 | Temple   | Became a worshipper of Warmaster Okawaru
  3155 | D:4      | Reached skill level 8 in Ranged Weapons
  3469 | D:4      | Found The Oracle's Delphic Readings.
  3514 | D:4      | Reached * piety under Okawaru
  3515 | D:4      | Reached XP level 7. HP: 24/33 MP: 8/8
  3674 | D:4      | Reached skill level 9 in Ranged Weapons
  3762 | D:5      | Entered Level 5 of the Dungeon
  3976 | D:5      | Found a shimmering altar of Xom.
  4190 | D:5      | Reached skill level 10 in Ranged Weapons
  4225 | D:5      | Reached ** piety under Okawaru
  4226 | D:5      | Reached XP level 8. HP: 37/37 MP: 9/9
  4507 | D:5      | Noticed Prince Ribbit
  4522 | D:5      | Killed Prince Ribbit
  4523 | D:5      | Reached skill level 5 in Stealth
  4541 | D:5      | Reached skill level 5 in Dodging
  5211 | D:6      | Reached *** piety under Okawaru
  5235 | D:6      | Noticed Blork the orc
  5283 | D:6      | Killed Blork the orc
  5459 | D:6      | Found a blossoming altar of Fedhas.
  5460 | D:6      | Found an ancient bone altar of Kikubaaqudgha.
  5614 | D:6      | Identified a scroll of acquirement
  5615 | D:6      | Acquired 811 gold pieces
  6067 | D:6      | Reached skill level 11 in Ranged Weapons
  6197 | D:7      | Reached XP level 9. HP: 42/42 MP: 10/10
  6865 | D:7      | Reached skill level 12 in Ranged Weapons
  7029 | D:7      | Noticed Maggie
  7114 | D:7      | Killed Maggie
  7348 | D:8      | Noticed a komodo dragon
  7650 | D:8      | Reached **** piety under Okawaru
  7685 | D:8      | Reached skill level 13 in Ranged Weapons
  8182 | D:8      | Killed a komodo dragon
  8183 | D:8      | Reached XP level 10. HP: 46/46 MP: 11/11
  8240 | D:8      | Found a runed translucent gate.
  8240 | D:8      | Found a runed translucent gate.
  8240 | D:8      | Found a runed translucent gate.
  8240 | D:8      | Noticed Nattfarinn's ghost (novice NaSh)
  8311 | D:8      | Reached ***** piety under Okawaru
  8313 | D:8      | Found a staircase to the Lair.
  8540 | D:8      | Found Lelait's General Store.
  8547 | D:8      | Received a gift from Okawaru
  8548 | D:8      | Reached skill level 14 in Ranged Weapons
  8548 | D:8      | Reached skill level 1 in Invocations
  8920 | D:8      | Found a viscous altar of Jiyva.
  9315 | D:9      | Noticed a two-headed ogre
  9333 | D:9      | Killed a two-headed ogre
  9570 | D:9      | Received a gift from Okawaru
  9680 | D:9      | Noticed a two-headed ogre
  9723 | D:9      | Killed a two-headed ogre
 10131 | D:9      | Found a white marble altar of Elyvilon.
 10152 | D:9      | Found a shadowy altar of Dithmenos.
 10152 | D:9      | Noticed a boulder beetle
 10327 | D:9      | Noticed Jeremiah
 10341 | D:9      | Killed Jeremiah
 10342 | D:9      | Reached XP level 11. HP: 50/50 MP: 14/14
 10371 | D:10     | Entered Level 10 of the Dungeon
 10414 | D:9      | Reached skill level 15 in Ranged Weapons
 11038 | D:10     | Noticed Erolcha
 11353 | D:10     | Reached skill level 10 in Dodging
 11379 | D:10     | Acquired the +5 hat of Esuoc {Str+3}
 11703 | D:10     | Noticed Fannar
 11939 | D:10     | Received a gift from Okawaru
 12173 | Lair:1   | Entered Level 1 of the Lair of Beasts
 12425 | Lair:1   | Noticed a catoblepas
 12909 | Lair:1   | Succumbed to a black mamba's poison

Illustrated notes

Levels and vault maps discovered:
D:1:      dpeg_arrival_brainrot, layout_basic, serial_shops,
          nicolae_shop_advertising_works [nicolae_subvault_shop_adworks],
          minmay_hexomino_f4
D:2:      layout_loops_ring, minmay_split_cup_large
D:3:      layout_rooms, portal_sewer_entry_e, hangedman_decor_growths,
          kennysheep_generic_room_8, uniq_grinder
D:4:      layout_basic, temple_statues, serial_demonic, serial_demonic_d,
          serial_demonic_d, serial_demonic_e, serial_demonic_a,
          serial_demonic_d, serial_demonic_d, nicolae_nh_oracle_at_delphi
D:5:      layout_cave_pods, mainiacjoe_overflow_six_doors_small,
          uniq_prince_ribbit1
D:6:      layout_loops_ring, grunt_temple_overflow_growth_and_decay,
          minivault_25, minivault_5, uniq_blork_the_orc
D:7:      layout_cave_pods, grunt_decor_resistance, kb_lookout_dungeons_type,
          uniq_maggie
D:8:      layout_loops_corners, due_lair_maze_entry_diamond,
          gammafunk_ghost_ooze, serial_shops, shop
D:9:      layout_roguey, jmf_multi_god_temple2, uniq_jeremiah
D:10:     layout_basic, uniq_fannar, uniq_erolcha
Temple:   minmay_temple_bridge_d
Lair:1:   layout_gridlike, nicolae_volcano_entry_hallway,
          cheibrodos_lair_reptile_den

Skill      XL: |  1  2  3  4  5  6  7  8  9 10 11 |
---------------+----------------------------------+-----
Ranged Weapons | 5 6 7 8 10 11 13 14 15 | 15.9
Dodging        | 3 5 9 11 | 11.5
Stealth        | 3 5 |  5.0
Fighting       | 2 |  2.0
Evocations     | 4 |  4.0
Invocations    | 3 |  3.0

Action                     |  1- 3 |  4- 6 |  7- 9 | 10-12 || total
---------------------------+-------+-------+-------+-------++-------
  Melee: Shortbow          |       |       |       |     1 ||     1
   Fire: Shortbow          |    80 |   265 |   466 |   723 ||  1534
 Invoke: Heroism           |       |       |       |     4 ||     4
  Evoke: Wand              |       |       |     4 |       ||     4
    Use: Scroll            |     3 |     3 |     6 |     2 ||    14
         Potion            |       |       |     1 |     8 ||     9
 Armour: Robe              |     9 |    37 |    45 |    93 ||   184
  Dodge: Dodged            |    29 |   104 |   116 |   303 ||   552

Table legend: (Time is in decaauts)
 A = Elapsed time spent in this place.
 B = Non-inter-level travel time spent in this place.
 C = Inter-level travel time spent in this place.
 D = Time resting spent in this place.
 E = Time spent auto-exploring this place.
 F = Levels seen in this place.
 G = Mean time per level.
                   A        B        C        D        E       F      G
               +--------+--------+--------+--------+--------+-----+--------+
         Total |   9205 |   8795 |    410 |   2282 |   4079 |  13 |  708.1 |
       Dungeon |   8489 |   8161 |    328 |   2151 |   3915 |  10 |  848.9 |
        Temple |     84 |      3 |     81 |      0 |      0 |   1 |   84.0 |
          Lair |    411 |    411 |      0 |     92 |     82 |   1 |  411.0 |
         Sewer |    220 |    220 |      0 |     38 |     81 |   1 |  220.0 |
               +--------+--------+--------+--------+--------+-----+--------+

Top non-repeatable levels by time:
     D:8: 1400 daAuts
     D:9: 1297 daAuts
     D:6: 1055 daAuts
    D:10: 971 daAuts
     D:5: 741 daAuts
     D:1: 734 daAuts
     D:7: 732 daAuts
     D:4: 642 daAuts
     D:2: 478 daAuts
     D:3: 435 daAuts
  Lair:1: 411 daAuts
   Sewer: 220 daAuts
  Temple: 84 daAuts
